 Dungeon Crawl Stone Soup version 0.28.0-53-g5a82cb258f (webtiles) character file.

Game seed: 642516824522751497

14 tizbic2 the Grasshopper (level 2, -2/25 HPs)
             Began as a Ghoul Warper on July 17, 2022.
             Slain by a quokka (3 damage)
             ... on level 2 of the Dungeon.
             The game lasted 00:02:02 (646 turns).

tizbic2 the Grasshopper (Ghoul Warper)               Turns: 646, Time: 00:02:03

Health: -2/25      AC:  3    Str: 14    XL:     2   Next: 45%
Magic:  0/4        EV: 11    Int:  8    God:
Gold:   15         SH:  0    Dex:  8    Spells: 3/5 levels left

rFire   . . .      SeeInvis .   f - +0 dagger
rCold   + . .      Faith    .   (no shield)
rNeg    + + +      Spirit   .   b - +0 leather armour
rPois   ∞          Reflect  .   (no helmet)
rElec   .          Harm     .   (no cloak)
rCorr   .          Rampage  .   (no gloves)
Will    .....                   (no boots)
Stlth   +.........              (no amulet)
HPRegen 0.00/turn               (no ring)
MPRegen 0.09/turn               (no ring)

@: on blink cooldown, inhibited regen
A: claws 1, cold resistance 1, negative energy resistance 3, inhibited
regeneration, torment resistance 2
a: no special abilities


You were on level 2 of the Dungeon.
You visited 1 branch of the dungeon, and saw 2 of its levels.

You collected 15 gold pieces.

Inventory:

Hand Weapons
 a - a +0 mace
 f - a +0 dagger (weapon)
Missiles
 d - 5 boomerangs of dispersal
 g - 20 stones (quivered)
Armour
 b - a +0 leather armour (worn)
Scrolls
 c - a scroll of blinking
 e - a scroll of identify {unknown}


   Skills:
 + Level 2.4 Fighting
 + Level 1.9 Maces & Flails
 - Level 0.8 Throwing
 * Level 1.3 Armour
 - Level 1.7 Dodging
 * Level 2.1 Spellcasting
 - Level 2.6 Translocations


You had 3 spell levels left.
You knew the following spells:

 Your Spells              Type           Power      Damage    Failure   Level
a - Blink                 Tloc           10%        N/A       22%         2

Your spell library contained the following spells:

 Spells                   Type           Power      Damage    Failure   Level
 Gell's Gravitas          Tloc           5%         N/A       41%         3
 Lesser Beckoning         Tloc           5%         N/A       41%         3
 Teleport Other           Tloc           5%         N/A       41%         3
 Manifold Assault         Tloc           5%         N/A       99%         5


Dungeon Overview and Level Annotations

Branches:
Dungeon (2/15)

Altars:
Uskayaw


Innate Abilities, Weirdness & Mutations

You thrive by killing the living.
You are immune to poison.
You have sharp fingernails.
Your flesh is cold resistant. (rC+)
You are immune to negative energy. (rN+++)
You do not regenerate when monsters are visible.
You are immune to unholy pain and torment.


Message History

The ball python barely misses you. The ball python constricts you.
You hit the hobgoblin.
The hobgoblin is almost dead.
The hobgoblin barely misses you. The ball python closely misses you.
The ball python constricts you.
You hit the hobgoblin but do no damage.
The hobgoblin is almost dead.
The ball python bites you.
* * * LOW HITPOINT WARNING * * *
The ball python constricts you.
* * * LOW HITPOINT WARNING * * *
The hobgoblin hits you but does no damage.
You hit the hobgoblin.
You kill the hobgoblin!
The ball python bites you but does no damage.
The ball python constricts you.
You escape the ball python's grasp.
The quokka barely misses you.
Things that are here:
a +0 dagger; a goblin corpse
Things that are here:
a +0 club; a kobold corpse
There is a stone staircase leading down here.
The quokka barely misses you.
You climb downwards.
There is a stone staircase leading up here.
Casting: Blink (safe; 22% risk of failure)
Confirm with . or Enter, or press ? or * to list all spells.
You blink.
You closely miss the quokka. The quokka bites you.
* * * LOW HITPOINT WARNING * * *
The quokka bites you but does no damage.
You hit the quokka but do no damage. The quokka bites you.
* * * LOW HITPOINT WARNING * * *
You feel stable enough to blink again.
Casting: Blink (safe; 22% risk of failure)
Confirm with . or Enter, or press ? or * to list all spells.
You blink.
There is a stone staircase leading up here.
The quokka bites you.
You die...

#.#
#.#
#.#
#§#
#.#
#.#
#.#
#r##
#.@#
####


You could see a quokka.

Vanquished Creatures
  A giant cockroach (D:1)
  2 goblins (D:1)
  4 hobgoblins (D:1)
  2 kobolds (D:1)
  2 ball pythons (D:1)
  A frilled lizard (D:1)
  A rat (D:1)
13 creatures vanquished.

Notes
Turn   | Place    | Note
-------+----------+-------------------------------------------
     0 | D:1      | tizbic2 the Ghoul Warper began the quest for the Orb.
     0 | D:1      | Reached XP level 1. HP: 17/17 MP: 2/2
     0 | D:1      | Found a hide-covered altar of Uskayaw.
   272 | D:1      | Reached skill level 1 in Armour
   301 | D:1      | Reached XP level 2. HP: 6/24 MP: 4/4
   304 | D:1      | Learned a level 2 spell: Blink
   642 | D:2      | HP: 1/25 [quokka (2)]
   646 | D:2      | Slain by a quokka

Illustrated notes

Levels and vault maps discovered:
D:1:      sevenhm_arrival_forest_fort_small_6, layout_rooms,
          shapermc_ecumenical_altar_ellora, st_stairs_12, minmay_tromino_v2
D:2:      layout_basic

Skill      XL: |  1 |
---------------+----+-----
Armour         | 1 |  1.3
Spellcasting   | 2 |  2.1
Fighting       | |  2.4
Maces & Flails | |  1.9
Throwing       | |  0.8
Dodging        | |  1.7
Translocations | |  2.6

Action                   || total
-------------------------++-------
Melee: Mace              ||    28
       Dagger            ||    21
Throw: Stone             ||     2
 Cast: Blink             ||     2
Armor: Leather armour    ||    12
Dodge: Dodged            ||    28
